 Dungeon Crawl Stone Soup version 0.31-a0-237-g2d982f9f85 (webtiles) character file.

Game seed: 15684116323645278031

59 qw the Shooter (level 4, -1/26 HPs)
             Began as a Gargoyle Hexslinger on July 10, 2023.
             Slain by a cerulean imp
             ... wielding a +2 spear
             ... summoned by Natasha
              (7 damage)
             ... on level 3 of the Dungeon.
             The game lasted 00:00:37 (1241 turns).

qw the Shooter (Gargoyle Hexslinger)                Turns: 1241, Time: 00:00:38

Health: -1/26      AC:  8    Str: 11    XL:     4   Next: 3%
Magic:  5/5        EV: 15    Int: 14    God:
Gold:   41         SH:  0    Dex: 14    Spells: 4/5 levels left

rFire   . . .        Y - +1 sling
rCold   . . .        (no shield)
rNeg    + . .        b - +0 ring mail
rPois   inf          (no helmet)
rElec   +            (no cloak)
rCorr   .            (no gloves)
SInv    .            (no boots)
Will    .....        (no amulet)
Stlth   +            f - +5 ring of evasion
HPRegen 0.24/turn    (no ring)
MPRegen 0.09/turn

%: no passive effects
@: no status effects
A: sickness immunity, AC +3, negative energy resistance 1, electricity
resistance, torment resistance 1, petrification resistance
a: no special abilities


You were on level 3 of the Dungeon.
You visited 1 branch of the dungeon, and saw 3 of its levels.

You collected 84 gold pieces.
You spent 43 gold pieces at shops.


Innate Abilities, Weirdness & Mutations

You are immune to sickness and miasma.
Your stone body is resilient. (AC +3)
You are immune to poison.
You resist negative energy. (rN+)
You are resistant to electric shocks. (rElec)
You are resistant to unholy torment.
You are immune to petrification.


   Skills:
 - Level 2.1 Fighting
 + Level 3.8 Ranged Weapons
 - Level 1.5 Dodging
 - Level 1.0 Spellcasting
 - Level 2.6 Hexes


You had 4 spell levels left.
You knew the following spells:

 Your Spells              Type           Power      Damage    Failure   Level
a - Slow                  Hex            32%        N/A       22%         1

Your spell library contained the following spells:

 Spells                   Type           Power      Damage    Failure   Level
 Inner Flame              Hex/Fire       4%         N/A       73%         3
 Portal Projectile        Hex/Tloc       8%         N/A       73%         3
 Cause Fear               Hex            4%         N/A       91%         4

Inventory:

Hand Weapons
 Y - a +1 sling (weapon)
Armour
 b - a +0 ring mail (worn)
Jewellery
 f - a +5 ring of evasion (left hand)
Scrolls
 a - 3 scrolls of identify
 c - a scroll of fear {unknown}
 k - a scroll of teleportation
Potions
 d - 3 potions of mutation
 e - a potion of haste {unknown}
 g - a potion of enlightenment
 h - a potion of heal wounds {unknown}
 j - a potion of curing

Dungeon Overview and Level Annotations

Branches:
Dungeon (3/15)

Altars:
Trog

Shops:
D:2 *

Annotations:
D:3 Natasha


Message History

The sling bullet closely misses Natasha.
Natasha misses you.
You shoot a sling bullet. The sling bullet barely misses Natasha.
Natasha claws you but does no damage.
You shoot a sling bullet.
The sling bullet closely misses Natasha.
Natasha claws you!
Natasha casts a spell.
You shoot a sling bullet. The sling bullet barely misses Natasha.
The sling bullet hits the cerulean imp.
The cerulean imp is moderately wounded.
Natasha barely misses you.
You shoot a sling bullet. The sling bullet barely misses Natasha.
The sling bullet misses the cerulean imp.
The cerulean imp hits you from afar with a +2 spear.
Natasha casts a spell at you. The magic dart hits you.
You shoot a sling bullet.
The sling bullet closely misses Natasha.
The sling bullet hits the cerulean imp but does no damage.
The cerulean imp is moderately wounded.
The cerulean imp hits you but does no damage.
Natasha claws you but does no damage. The cerulean imp closely misses you.
Natasha claws you but does no damage.
You shoot a sling bullet. The sling bullet hits Natasha.
Natasha is almost dead.
The cerulean imp barely misses you.
Natasha casts a spell.
You shoot a sling bullet. The sling bullet barely misses Natasha.
The sling bullet barely misses the cerulean imp.
The cerulean imp barely misses you. Natasha casts a spell at you.
The magic dart hits you. The cerulean imp barely misses you.
The cerulean imp closely misses you.
You shoot a sling bullet. The sling bullet barely misses Natasha.
The sling bullet closely misses the cerulean imp.
Natasha casts a spell at you. The magic dart hits you.
The cerulean imp hits you from afar with a +2 spear!
You die...

......... ........
......# .....# ....#
############# .55
.........>...
#h###########..###
#@#..[..........#
#.....#######...#
.####.....'.....#...#
#.........#####.#...#
#.........# #.#)#.#
#........## #...#.#
..........# #.#.#.#
..........# #.#)#.#
..........#
####.#.#.#


You could see Natasha and 2 cerulean imps.

Vanquished Creatures
  An adder (D:2)
  A worm (D:2)
  2 dart slugs (D:2)
  4 endoplasms
  3 giant cockroaches (D:1)
  3 goblins
  A hobgoblin (D:1)
  4 jackals (D:2)
  8 kobolds
  2 quokkas (D:2)
  2 ball pythons (D:2)
  4 bats
  4 frilled lizards
  A rat (D:1)
40 creatures vanquished.

Notes
Turn   | Place    | Note
-------+----------+-------------------------------------------
     0 | D:1      | qw the Gargoyle Hexslinger began the quest for the Orb.
     0 | D:1      | Reached XP level 1. HP: 12/12 MP: 2/2
     0 | D:1      | 0 ||| qw: Version: 0.3-a-52-g30416fa
     0 | D:1      | 0 ||| qw: Game counter: 5134
     0 | D:1      | 0 ||| qw: Melee chars always use a shield: true
     0 | D:1      | 0 ||| qw: God list: Okawaru
     0 | D:1      | 0 ||| qw: Allow faded altars: false
     0 | D:1      | 0 ||| qw: Do Orc after clearing Dungeon:15 true
     0 | D:1      | 0 ||| qw: Do second Lair branch before Depths: true
     0 | D:1      | 0 ||| qw: Lair rune preference: random
     0 | D:1      | 0 ||| qw: Goals: Normal
     0 | D:1      | 0 ||| PLANNING D:1-11
   298 | D:1      | Reached XP level 2. HP: 16/16 MP: 3/3
   391 | D:1      | Reached skill level 3 in Ranged Weapons
   568 | D:1      | 568 ||| UPGRADING to +5 ring of evasion.
   569 | D:1      | 569 ||| DROPPING ring of wizardry.
   570 | D:1      | 570 ||| READING 3 scrolls labelled LUUSOP LOGEFIN.
   571 | D:1      | 571 ||| READING 2 scrolls of identify.
   571 | D:1      | 571 ||| IDENTIFYING fuming black potion
   572 | D:1      | 572 ||| DROPPING scroll of poison.
   598 | D:2      | 598 ||| STAIRDANCE
   630 | D:2      | 630 ||| STAIRDANCE
   663 | D:2      | Reached XP level 3. HP: 21/21 MP: 4/4
   729 | D:2      | Found Merew's Assorted Antiques.
   741 | D:2      | 741 ||| BUYING glowing ruby potion (20 gold).
   741 | D:2      | Bought a glowing ruby potion for 20 gold pieces
   741 | D:2      | 741 ||| BUYING scroll labelled BUORCH FUIKAEKH (23 gold).
   741 | D:2      | Bought a scroll labelled BUORCH FUIKAEKH for 23 gold pieces
   741 | D:2      | 741 ||| SHOPLISTING scroll of identify (46 gold, have 9).
   741 | D:2      | 741 ||| SHOPLISTING sharpened brass wand (92 gold, have 9).
   853 | D:2      | Found a bloodstained altar of Trog.
  1073 | D:2      | 1073 ||| UPGRADING to +0 ring mail.
  1083 | D:2      | 1083 ||| DROPPING +0 robe.
  1084 | D:2      | 1084 ||| READING scroll labelled YZXEMIMO TYREH.
  1085 | D:2      | 1085 ||| READING scroll labelled BUORCH FUIKAEKH.
  1086 | D:2      | 1086 ||| READING scroll labelled XEIZXU ELUNTUPS.
  1087 | D:2      | 1087 ||| READING 2 scrolls labelled YRGHOTHU CATT.
  1091 | D:2      | 1091 ||| READING 4 scrolls of identify.
  1091 | D:2      | 1091 ||| IDENTIFYING glowing ruby potion
  1092 | D:2      | 1092 ||| READING 3 scrolls of identify.
  1092 | D:2      | 1092 ||| IDENTIFYING viscous yellow potion
  1104 | D:3      | 1104 ||| STAIRDANCE
  1160 | D:3      | Reached XP level 4. HP: 26/26 MP: 5/5
  1230 | D:3      | Noticed Natasha
  1241 | D:3      | HP: 6/26 [Natasha/magic dart (5)]
  1241 | D:3      | Slain by a cerulean imp

Levels and vault maps discovered:
D:1:      scummos_arrival_star, layout_loops_ring, nicolae_figureground_pulse
D:2:      layout_rooms, serial_shops, shop, basic_altar, chequers_arboretum
D:3:      cheibrodos_fertilizer, layout_basic, mainiacjoe_overflow_alcove_1,
          mainiacjoe_overflow_alcove_2, uniq_terence, uniq_natasha

Skill      XL: |  1  2  3 |
---------------+----------+-----
Ranged Weapons | 3 |  3.8
Fighting       | 2 |  2.1
Dodging        | |  1.5
Spellcasting   | |  1.0
Hexes          | |  2.6

Action                     |  1- 3 |  4- 6 || total
---------------------------+-------+-------++-------
   Fire: Sling             |   120 |    20 ||   140
    Use: Scroll            |     8 |       ||     8
 Armour: Robe              |    18 |       ||    18
         Ring mail         |     5 |     7 ||    12
  Dodge: Dodged            |    58 |    11 ||    69

Table legend:
 A = Non-vault XP
 B = Vault XP
 C = Vault XP percentage of total XP
 D = Non-vault monster count
 E = Vault monster count
 F = Vault count percentage of total count
                 A         B        C        D         E       F
            +---------+---------+-------+---------+---------+-------
      Total |      85 |       0 |   0.0 |      40 |       0 |   0.0
            +---------+---------+-------+---------+---------+-------
        D:1 |      22 |       0 |   0.0 |      13 |       0 |   0.0
        D:2 |      57 |       0 |   0.0 |      23 |       0 |   0.0
        D:3 |       6 |       0 |   0.0 |       4 |       0 |   0.0
            +---------+---------+-------+---------+---------+-------
